 Dungeon Crawl Stone Soup version 0.29-a0-330-g52719c12eb (webtiles) character file.

Game seed: 16740726077407676616

986 kae the Firebug (level 7, 0/50 HPs)
             Began as a Demigod Fire Elementalist on Apr 30, 2022.
             Succumbed to a water moccasin's poison
             ... on level 6 of the Dungeon.
             The game lasted 00:04:08 (5493 turns).

kae the Firebug (Demigod Fire Elementalist)         Turns: 5493, Time: 00:04:09

Health: 0/50       AC:  2    Str:  9    XL:     7   Next: 65%
Magic:  8/17       EV: 12    Int: 30    God:
Gold:   37         SH:  0    Dex: 14    Spells: 9/15 levels left

rFire   . . .      SeeInvis .   j - +8 rapier of War {venom, Fragile rC+ Int+5 Stlth+}
rCold   + . .      Faith    .   (no shield)
rNeg    . . .      Spirit   .   a - +0 robe
rPois   .          Reflect  .   (no helmet)
rElec   .          Harm     .   (no cloak)
rCorr   +          Rampage  .   (no gloves)
Will    .....                   (no boots)
Stlth   +++.......              (no amulet)
HPRegen 0.16/turn               o - ring of resist corrosion
MPRegen 0.15/turn               (no ring)

@: lethally poisoned (0 -> -8)
A: high MP 1, forlorn, divine attributes
a: no special abilities


You were on level 6 of the Dungeon.
You visited 1 branch of the dungeon, and saw 6 of its levels.

You collected 416 gold pieces.
You spent 379 gold pieces at shops.

Inventory:

Hand Weapons
 d - a +1 hand axe
 j - the +8 rapier of War (weapon) {venom, Fragile rC+ Int+5 Stlth+}
   (You found it on level 3 of the Dungeon)

   It poisons the flesh of those it strikes.
   Int:       It affects your intelligence (+5).
   rC:        It protects you from cold.
   Fragile:   It will be destroyed if unequipped.
   Stlth:     It makes you more stealthy.
 v - the +9 trident of Nil Nias {protect, rC+ rCorr Int+2 Dex+2}
   (You found it on level 4 of the Dungeon)

   It grants its wielder temporary protection when it strikes (+7 to AC).
   Int:       It affects your intelligence (+2).
   Dex:       It affects your dexterity (+2).
   rC:        It protects you from cold.
   rCorr:     It protects you from acid and corrosion.
Missiles
 s - 3 throwing nets
Armour
 a - a +0 robe (worn)
Magical Staves
 y - a staff of conjuration
Jewellery
 o - a ring of resist corrosion (left hand)
Wands
 A - a wand of paralysis (10)
 B - a wand of polymorph (9)
Scrolls
 c - a scroll of identify
 g - 2 scrolls of noise
 k - a scroll of enchant armour
 l - 2 scrolls of brand weapon
 m - a scroll of torment
 r - 2 scrolls of magic mapping
 t - 3 scrolls of amnesia
 w - 3 scrolls of enchant weapon
 x - a scroll of blinking
 C - 2 scrolls of fear
 D - a scroll of fog
 F - 2 scrolls of teleportation {unknown}
Potions
 b - a potion of magic
 e - 5 potions of curing
 f - 3 potions of flight
 h - a potion of heal wounds
 i - 2 potions of degeneration
 n - a potion of berserk rage
 p - a potion of haste {unknown}
 q - a potion of attraction {unknown}
 u - a potion of brilliance {unknown}
 z - a potion of ambrosia {unknown}
 E - 2 potions of might


   Skills:
 - Level 1.7 Dodging
 - Level 1.7 Stealth
 + Level 4.7 Spellcasting
 + Level 4.7 Conjurations
 + Level 5.5 Fire Magic


You had 9 spell levels left.
You knew the following spells:

 Your Spells              Type           Power      Damage    Failure   Level
a - Foxfire               Conj/Fire      100%       2x1d9     1%          1
b - Scorch                Fire           80%        2d9       1%          2
c - Conjure Flame         Conj/Fire      38%        6-21      2%          3

Your spell library contained the following spells:

 Spells                   Type           Power      Damage    Failure   Level
 Magic Dart               Conj           100%       1d8       1%          1
 Searing Ray              Conj           70%        2d7       1%          2
 Shock                    Conj/Air       84%        1d8       2%          1
 Inner Flame              Hex/Fire       23%        N/A       6%          3
 Flame Wave               Conj/Fire      38%        2d9       7%          4
 Confusing Touch          Hex            7%         N/A       19%         3
 Swiftness                Air            7%         N/A       19%         3
 Fulminant Prism          Conj/Hex       10%        3d9       22%         4
 Airstrike                Air            3%         N/A       52%         4
 Yara's Violent Unravell  Hex/Tmut       3%         3d4       86%         5
 Enfeeble                 Hex            3%         N/A       100%        7


Dungeon Overview and Level Annotations

Branches:
Dungeon (6/15)
 Temple: D:4-7

Shops:
D:3 (   D:6 [?((*!

Annotations:
D:4 3 runed translucent doors, Crownlay's ghost, amateur TrWr


Innate Abilities, Weirdness & Mutations

You have an increased reservoir of magic. (+10% MP)
You shall have no god before yourself.
Your divine heritage dramatically boosts your attributes as you level up.


Message History

The water moccasin's fire resistance burns away.
You hear a shout!
The foxfire hits the water moccasin but does no damage.
The water moccasin is moderately wounded.
The water moccasin bites you!
You are poisoned.
The water moccasin poisons you! The water moccasin bites you!
Casting: Scorch (safe; 1% risk of failure)
Confirm with . or Enter, or press ? or * to list all spells.
Flames lash the hound.
The hound is moderately wounded.
The hound's fire resistance burns away.
You feel very sick.
The water moccasin is no longer more vulnerable to fire.
The water moccasin bites you.
You are more poisoned.
The water moccasin poisons you!
You feel very sick.
The water moccasin completely misses you.
A shadow imp comes into view.
Casting: Scorch (safe; 1% risk of failure)
Confirm with . or Enter, or press ? or * to list all spells.
Flames lash the hound.
The hound is heavily wounded.
You feel very sick. The water moccasin bites you.
* * * LOW HITPOINT WARNING * * *
The water moccasin closely misses you.
* * * LOW HITPOINT WARNING * * *
You feel very sick.
The water moccasin completely misses you.
Casting: Scorch (safe; 1% risk of failure)
Confirm with . or Enter, or press ? or * to list all spells.
Flames lash the hound.
The hound is heavily wounded.
* * * LOW HITPOINT WARNING * * *
You feel sick. The water moccasin bites you.
* * * LOW HITPOINT WARNING * * *
The water moccasin bites you but does no damage.
You die...

.. .. .# .. # .#
#ยง h#
#.#####S####.#
#.....@......#.
###.....####.#..
#..#### . ..
#..# #.# #.#####
#..# #.#
#.#.....# ##..#
#.... .........
##.#.##.# #.#
######.#
#.###..# #.##
#.# ##.#..##
#.#######.#


You could see a water moccasin and a hound (combustible).

Vanquished Creatures
  Grinder (D:5)
  Menkaure (D:5)
  A water moccasin (D:5)
  A phantom (D:5)
  A necrophage (D:4)
  An orc priest (D:5)
  3 hounds
  A gnoll shaman (D:6)
  An iguana (D:5)
  An orc wizard (D:3)
  5 gnolls (D:6)
  8 adders
  A white imp (D:4)
  A worm (D:5)
  2 dart slugs
  7 orcs
  7 bats
  5 endoplasms
  16 giant cockroaches
  8 hobgoblins
  3 quokkas
  9 ball pythons
  2 frilled lizards
  14 goblins
  4 kobolds
  8 rats
112 creatures vanquished.

Vanquished Creatures (others)
  323 foxfires
323 creatures vanquished.

Grand Total: 435 creatures vanquished

Notes
Turn   | Place    | Note
-------+----------+-------------------------------------------
     0 | D:1      | kae the Demigod Fire Elementalist began the quest for the
                  | Orb.
     0 | D:1      | Reached XP level 1. HP: 14/14 MP: 5/5
   121 | D:1      | Reached skill level 1 in Conjurations
   372 | D:1      | Reached XP level 2. HP: 20/20 MP: 4/7
   414 | D:1      | Learned a level 2 spell: Scorch
   456 | D:1      | Reached skill level 3 in Fire Magic
  1070 | D:2      | Reached XP level 3. HP: 26/26 MP: 5/9
  1078 | D:2      | Learned a level 3 spell: Conjure Flame
  2020 | D:2      | Reached XP level 4. HP: 33/33 MP: 7/10
  2759 | D:3      | Identified the +8 rapier of War {venom, Fragile rC+ Int+5
                  | Stlth+}
  2786 | D:3      | You fall into a shaft and drop 1 floor!
  3030 | D:3      | Found Cofyel's Antique Weapon Boutique.
  3154 | D:3      | Reached XP level 5. HP: 37/38 MP: 10/12
  3636 | D:4      | Reached skill level 4 in Fire Magic
  3717 | D:4      | Found a runed translucent gate.
  3717 | D:4      | Found a runed translucent gate.
  3718 | D:4      | Found a runed translucent gate.
  3722 | D:4      | Noticed Crownlay's ghost (amateur TrWr)
  3724 | D:4      | Identified the +3 scale mail of the Dungeon {-Cast rPois
                  | Stlth+}
  4119 | D:4      | Identified the +9 trident of Nil Nias {protect, rC+ rCorr
                  | Int+2 Dex+2}
  4253 | D:5      | Entered Level 5 of the Dungeon
  4262 | D:5      | Reached XP level 6. HP: 36/45 MP: 10/14
  4266 | D:5      | Noticed Menkaure
  4273 | D:5      | Killed Menkaure
  4787 | D:5      | Noticed a water moccasin
  4796 | D:5      | Killed a water moccasin
  4797 | D:5      | Reached skill level 5 in Fire Magic
  4797 | D:5      | Reached XP level 7. HP: 40/50 MP: 9/16
  4982 | D:5      | Noticed Grinder
  4982 | D:5      | Paralysed by Grinder for 5 turns
  5002 | D:5      | Paralysed by Grinder for 5 turns
  5008 | D:5      | Killed Grinder
  5311 | D:6      | Found Raklif's Antique Weapon Boutique.
  5311 | D:6      | Found Vicu's Distillery.
  5320 | D:6      | Found Yhyaseho's Magic Scroll Shop.
  5320 | D:6      | Found Eckiez's Assorted Antiques.
  5329 | D:6      | Found Defaho's Armour Boutique.
  5329 | D:6      | Found Jedghili's Weapon Emporium.
  5335 | D:6      | Bought a scroll of identify for 24 gold pieces
  5335 | D:6      | Bought a scroll of identify for 24 gold pieces
  5335 | D:6      | Bought a scroll of fear for 42 gold pieces
  5335 | D:6      | Bought a scroll of fog for 24 gold pieces
  5342 | D:6      | Bought a fizzy dark potion for 21 gold pieces
  5342 | D:6      | Bought a scroll of identify for 48 gold pieces
  5342 | D:6      | Bought a scroll labelled OFOIFA QOSAA for 24 gold pieces
  5342 | D:6      | Bought a scroll of identify for 48 gold pieces
  5342 | D:6      | Bought a scroll of fear for 84 gold pieces
  5353 | D:6      | Bought a potion of might for 40 gold pieces
  5492 | D:6      | HP: 2/50 [water moccasin (5)]
  5493 | D:6      | Succumbed to a water moccasin's poison

Illustrated notes

Levels and vault maps discovered:
D:1:      co_arrival_square_in_a_square_in_a_square, layout_rooms,
          minmay_bisected
D:2:      layout_loops_cross
D:3:      minmay_roachtagon, layout_basic, serial_shops, nicolae_shop_crystal,
          fountainhead, nicolae_figureground_sparkle
D:4:      kennysheep_big_flooded_room, layout_rooms, biasface_ghost_orc_armoury
D:5:      layout_rooms, nicolae_uskayaw_dance_hall, uniq_grinder, uniq_menkaure
D:6:      layout_loops_ring, serial_shops, nicolae_shop_crystal,
          nicolae_wooded_promenade, nicolae_zen_rock_garden

Skill      XL: |  1  2  3  4  5  6 |
---------------+-------------------+-----
Conjurations   | 1 2 3 4 |  4.7
Spellcasting   | 2 3 4 |  4.7
Fire Magic     | 3 4 5 |  5.5
Dodging        | |  1.7
Stealth        | |  1.7

Action                   |  1- 3 |  4- 6 |  7- 9 || total
-------------------------+-------+-------+-------++-------
Melee: Hand axe          |     2 |       |       ||     2
       Rapier            |       |    35 |       ||    35
       Unarmed           |       |       |     7 ||     7
 Cast: Foxfire           |    92 |    76 |    24 ||   192
       Scorch            |     5 |    16 |     8 ||    29
  Use: Scroll            |     1 |     2 |    10 ||    13
 Stab: Sleeping          |       |     3 |       ||     3
Armor: Robe              |     7 |    12 |     1 ||    20
Dodge: Dodged            |    10 |    62 |    12 ||    84

Table legend: (Time is in decaauts)
 A = Elapsed time spent in this place.
 B = Non-inter-level travel time spent in this place.
 C = Inter-level travel time spent in this place.
 D = Time resting spent in this place.
 E = Time spent auto-exploring this place.
 F = Levels seen in this place.
 G = Mean time per level.
                   A        B        C        D        E       F      G
               +--------+--------+--------+--------+--------+-----+--------+
         Total |   5498 |   5365 |    133 |     33 |   4517 |   6 |  916.3 |
       Dungeon |   5498 |   5365 |    133 |     33 |   4517 |   6 |  916.3 |
               +--------+--------+--------+--------+--------+-----+--------+

Top non-repeatable levels by time:
     D:2: 1395 daAuts
     D:3: 1110 daAuts
     D:1: 1037 daAuts
     D:5: 936 daAuts
     D:4: 715 daAuts
     D:6: 302 daAuts
